 Dungeon Crawl Stone Soup version 0.18.1-48-g4cf74bf (webtiles) character file.

5135 Inkary the Blocker (level 10, 0/93 HPs)
             Began as a Minotaur Fighter on July 20, 2016.
             Was a Believer of Okawaru.
             Succumbed to Maurice's poison
             ... on level 8 of the Dungeon.
             The game lasted 00:16:09 (9019 turns).

Inkary the Blocker (Minotaur Fighter)               Turns: 9019, Time: 00:16:10

Health: 0/93       AC: 15    Str: 23    XL:     10   Next: 33%
Magic:  9/9        EV:  7    Int:  8    God:    Okawaru [**....]
Gold:   0          SH: 12    Dex:  8    Spells: 0 memorised, 9 levels left

rFire  + + +     SeeInvis .     a - +1 war axe
rCold  . . .     Gourm    .     w - +4 chain mail of the Old World {*Confuse +Inv rF+++ Dex-3}
rNeg   . . .     Faith    .     c - +0 shield
rPois  .         Spirit   .     (helmet restricted)
rElec  .         Dismiss  .     (no cloak)
rCorr  .         Reflect  .     (no gloves)
SustAt .         Harm     .     (no boots)
MR     .....                    (no amulet)
Stlth  ..........               (no ring)
                                i - +3 ring of intelligence

@: lethally poisoned (0 -> -73), about to teleport, very slightly contaminated,
invisible, not resistant to hostile enchantments, extremely unstealthy
A: retaliatory headbutt, horns 2
a: Heroism, Renounce Religion


You were on level 8 of the Dungeon.
You worshipped Okawaru.
Okawaru was pleased with you.
You were not hungry.

You visited 2 branches of the dungeon, and saw 10 of its levels.

You collected 322 gold pieces.
You spent 322 gold pieces at shops.

Inventory:

Hand Weapons
 a - a +1 war axe (weapon)
 u - a +1 mace of holy wrath
Armour
 c - a +0 shield (worn)
 r - a +0 scale mail of magic resistance
 w - the +4 chain mail of the Old World (worn) {*Confuse +Inv rF+++ Dex-3}
   (You bought it in a shop on level 5 of the Dungeon)

   It affects your dexterity (-3).
   It renders you almost immune to fire.
   It lets you turn invisible.
   It may confuse you when you take damage.
Jewellery
 g - an uncursed ring of fire {unknown}
 i - a +3 ring of intelligence (left hand)
 C - a +4 amulet of reflection {unknown}
Wands
 x - a wand of iceblast (5/15)
 B - a wand of disintegration (14/24)
Scrolls
 b - 5 scrolls of remove curse
 m - 2 scrolls of teleportation
 n - 2 scrolls of amnesia
 o - 3 scrolls of magic mapping
 q - 4 scrolls of enchant weapon
 t - 2 scrolls of random uselessness {unknown}
 y - 2 scrolls of enchant armour {unknown}
 A - a scroll of immolation {unknown}
 E - a scroll of summoning {unknown}
Potions
 d - a potion of might
 e - 2 potions of flight
 k - 3 potions of agility
Comestibles
 f - 3 bread rations
 h - a beef jerky
 j - 2 royal jellies
 l - 3 slices of pizza
 p - 2 fruits
 s - 2 meat rations


   Skills:
 + Level 9.8 Fighting
 + Level 9.6 Axes
 + Level 9.8 Armour
 + Level 10.0 Shields


You had 9 spell levels left.
You didn't know any spells.

Dungeon Overview and Level Annotations

Branches:
Dungeon (9/15)             Temple (1/1) D:6
   Lair: D:8-11         Orc: D:9-12

Altars:
Cheibriados
Dithmenos
Fedhas
Gozag
Nemelex Xobeh
Okawaru
Pakellas
Qazlal
Ru
Sif Muna
Trog
Vehumet
Xom
Zin
The Shining One

Shops:
D:5 (*(*   D:8 (

Annotations:
D:8 Maurice


Innate Abilities, Weirdness & Mutations

You reflexively headbutt those who attack you in melee.
You have a pair of horns on your head.


Message History

You are more poisoned.
Drink which item? (? for menu, Esc to quit)
Okay, then.
Drink which item? (? for menu, Esc to quit)
Okay, then.
As you read the scroll of teleportation, it crumbles to dust.
You feel strangely unstable.
* * * LOW HITPOINT WARNING * * *
You feel very sick. Something completely misses you. Something hits you.
* * * LOW HITPOINT WARNING * * *
Something steals your wand of digging!
You are more poisoned.
Drink which item? (? for menu, Esc to quit)
Okay, then.
Drink which item? (? for menu, Esc to quit)
Okay, then.
Read which item? (? for menu, Esc to quit)
Okay, then.
You die...

# #..# #.................. # #..#
#..#####.########## # #..# #..#
#.### # #..# #..# #.#.######## #
#..#######..#####...........
######......................#####
........#######.............# #
######..###......#######.##.#####
# #.........###.@................
# #.##..###.# #...###.....#.#####
###.......#.# #...##........#####
........#.#.###...##.............
###.........##....##.##..........
.................>............###
####.#..#.#.###......##..#.##.##.
.....#..#.#.###.####.##..#.##..#.
####............# #.##..........


There were no monsters in sight!

Vanquished Creatures
  The ghost of Inkary the Fighter, a novice MiFi of Okawaru (D:6)
  8 spriggans (D:6)
  A wyvern (D:8)
  Menkaure (D:7)
  4 orc warriors
  An ice beast (D:7)
  A phantom (D:6)
  4 ogres
  4 centaurs
  A big kobold (D:7)
  5 giant frogs
  A wyvern zombie (D:8)
  4 scorpions
  4 killer bees
  A howler monkey (D:4)
  2 crimson imps
  A centaur zombie (D:8)
  A jelly (D:8)
  3 hounds
  A giant frog zombie (D:6)
  2 centaur skeletons
  4 orc priests
  An iguana (D:4)
  Terence (D:3)
  3 worker ants (D:6)
  An orc wizard (D:5)
  A worker ant zombie (D:6)
  Robin (D:2)
  18 gnolls
  13 adders
  2 shadow imps
  4 oozes
  A worm (D:4)
  3 dart slugs
  6 giant geckos
  33 orcs
  2 ball pythons (D:2)
  4 giant cockroaches
  13 goblins
  10 hobgoblins
  9 jackals
  14 kobolds
  3 quokkas
  8 bats
  A giant gecko skeleton (D:4)
  4 giant newts
  A quokka skeleton (D:6)
  10 rats
222 creatures vanquished.

Vanquished Creatures (others)
  4 toadstools (D:1)
4 creatures vanquished.

Grand Total: 226 creatures vanquished

Notes
Turn   | Place    | Note
--------------------------------------------------------------
     0 | D:1      | Inkary the Minotaur Fighter began the quest for the Orb.
     0 | D:1      | Reached XP level 1. HP: 19/19 MP: 0/0
    39 | D:1      | Reached XP level 2. HP: 23/27 MP: 1/1
   569 | D:1      | Reached skill level 4 in Shields
   676 | D:1      | Reached XP level 3. HP: 33/33 MP: 2/2
  1242 | D:2      | Noticed Robin
  1244 | D:2      | Reached XP level 4. HP: 37/40 MP: 3/3
  1275 | D:2      | Killed Robin
  1438 | D:2      | Found a sacrificial altar of Ru.
  1771 | D:3      | Noticed Terence
  1777 | D:3      | Killed Terence
  1777 | D:3      | Reached XP level 5. HP: 47/47 MP: 4/4
  2071 | D:3      | Found a glowing golden altar of the Shining One.
  2071 | D:3      | Found a radiant altar of Vehumet.
  2101 | D:3      | Reached skill level 5 in Shields
  2197 | D:3      | Found a shadowy altar of Dithmenos.
  2805 | D:4      | Reached skill level 5 in Armour
  2808 | D:4      | Reached XP level 6. HP: 46/55 MP: 5/5
  2917 | D:4      | Reached skill level 5 in Fighting
  3070 | D:4      | Found a bloodstained altar of Trog.
  3285 | D:5      | Entered Level 5 of the Dungeon
  3285 | D:5      | Found Zoen Wuich's Weapon Boutique.
  3420 | D:5      | Reached skill level 5 in Axes
  3471 | D:5      | Reached XP level 7. HP: 40/61 MP: 6/6
  3472 | D:5      | Reached skill level 6 in Shields
  3589 | D:5      | Found Quniyfol's Antique Weapon Emporium.
  3810 | D:5      | Found a glowing silver altar of Zin.
  3811 | D:5      | Noticed an angel
  3831 | D:5      | Found Byebiyc's Assorted Antiques.
  3839 | D:5      | Bought a scroll of identify for 56 gold pieces
  3839 | D:5      | Bought a polished chain mail for 266 gold pieces
  3849 | D:5      | Identified the +4 chain mail of the Old World {*Confuse +Inv rF+++ Dex-3} (You bought it in a shop on level 5 of the Dungeon)
  3905 | D:5      | Found Nim Rerph's General Store.
  4387 | D:6      | Noticed a spriggan
  4394 | D:6      | Noticed a spriggan
  4402 | D:6      | Noticed a spriggan
  4409 | D:6      | Killed a spriggan
  4412 | D:6      | Killed a spriggan
  4412 | D:6      | Reached skill level 7 in Shields
  4412 | D:6      | Reached XP level 8. HP: 44/71 MP: 7/7
  5035 | D:6      | Reached skill level 8 in Shields
  5052 | D:6      | Found a blossoming altar of Fedhas.
  5075 | D:6      | Reached XP level 9. HP: 55/80 MP: 8/8
  5111 | D:6      | Noticed Inkary's ghost (novice MiFi)
  5414 | D:6      | Killed Inkary's ghost
  5510 | D:6      | Found a staircase to the Ecumenical Temple.
  5531 | Temple   | Entered the Ecumenical Temple
  5539 | Temple   | Became a worshipper of Warmaster Okawaru
  5802 | D:6      | Reached skill level 9 in Shields
  6171 | D:7      | Reached * piety under Okawaru
  6355 | D:7      | Noticed Menkaure
  6782 | D:8      | Found a sparkling altar of Nemelex Xobeh.
  7007 | D:8      | Reached XP level 10. HP: 54/91 MP: 9/9
  7386 | D:8      | Found Nufoicw's Weapon Shop.
  8126 | D:7      | Reached ** piety under Okawaru
  8328 | D:7      | Found an opulent altar of Gozag.
  8380 | D:7      | Found a shimmering altar of Xom.
  8382 | D:7      | Found a snail-covered altar of Cheibriados.
  8683 | D:7      | Killed Menkaure
  8683 | D:7      | Reached skill level 10 in Shields
  8991 | D:9      | Noticed Maurice
  9019 | D:8      | Succumbed to Maurice's poison

Skill      XL: |  1  2  3  4  5  6  7  8  9 10 |
---------------+-------------------------------+-----
Axes           | 3 4 5 6 7 9 |  9.6
Shields        | 4 5 7 8 9 10 | 10.0
Armour         | 4 5 6 8 9 |  9.8
Fighting       | 4 5 6 7 9 |  9.8

Action                   |  1- 3 |  4- 6 |  7- 9 | 10-12 || total
-------------------------+-------+-------+-------+-------++-------
Melee: War axe           |    91 |   142 |   330 |   118 ||   681
       Headbutt          |     9 |    22 |    46 |    18 ||    95
  Use: Scroll            |       |     6 |     4 |     5 ||    15
       Potion            |       |       |     4 |     2 ||     6
  Eat: Chunk             |     1 |     7 |     7 |     2 ||    17
       Fruit             |       |       |     2 |       ||     2
       Bread ration      |       |       |     1 |       ||     1
       Meat ration       |       |       |       |     1 ||     1
Armor: Scale mail        |    41 |    51 |     5 |       ||    97
       Chain mail        |       |       |   146 |    52 ||   198
Dodge: Dodged            |    36 |    41 |    78 |    22 ||   177
Block: Shield            |    42 |    79 |   174 |    62 ||   357
